 Dungeon Crawl Stone Soup version 0.30.1 (webtiles) character file.

Game seed: 9774321119588710599

89 Pepete the Conjurer (level 4, -5/36 HPs)
             Began as a Deep Elf Conjurer on July 2, 2023.
             Slain by Terence
             ... wielding a +0 flail of protection
              (8 damage)
             ... on level 3 of the Dungeon.
             The game lasted 00:04:11 (3019 turns).

Pepete the Conjurer (Deep Elf Conjurer)             Turns: 3019, Time: 00:04:12

Health: -5/36      AC: 22    Str:  1 (4)  XL:     4   Next: 31%
Magic:  1/12       EV:  2    Int: 24 (25) God:
Gold:   126        SH:  0    Dex: 12 (13) Spells: 10/11 levels left

rFire   . . .        e - +0 long sword
rCold   . . .        (no shield)
rNeg    . . .        a - melded +0 robe
rPois   +            (helmet currently unavailable)
rElec   .            (cloak currently unavailable)
rCorr   .            (gloves currently unavailable)
SInv    .            (boots currently unavailable)
Will    .....        (no amulet)
Stlth   ++           (no ring)
HPRegen 0.26/turn    (no ring)
MPRegen 0.13/turn

%: no passive effects
@: mighty, tree-form
A: stationary, stasis, torment immunity, boosted hp
a: no special abilities


You were on level 3 of the Dungeon.
You were a tree.
You visited 1 branch of the dungeon, and saw 3 of its levels.

You collected 126 gold pieces.

Inventory:

Hand Weapons
 e - a +0 long sword (weapon)
Armour
 a - a +0 robe (melded)
Wands
 n - a wand of polymorph (13)
Scrolls
 d - a scroll of identify
 h - a scroll of enchant weapon {unknown}
 k - 2 scrolls of noise {unknown}
 l - a scroll of teleportation {unknown}
Potions
 c - a potion of degeneration
 m - a potion of might


   Skills:
 + Level 0.9 Fighting
 + Level 0.6 Long Blades
 + Level 1.0 Armour
 - Level 2.4 Dodging
 - Level 2.4 Stealth
 * Level 4.1 Spellcasting
 * Level 5.0 Conjurations
 * Level 1.1 Earth Magic


You had 10 spell levels left.
You knew the following spells:

 Your Spells              Type           Power      Damage    Failure   Level
a - Magic Dart            Conj           100%       1d8       1%          1

Your spell library contained the following spells:

 Spells                   Type           Power      Damage    Failure   Level
 Searing Ray              Conj           58%        2d6       1%          2
 Sandblast                Erth           20%        2d7       6%          1
 Sting                    Tmut/Pois      16%        1d3       10%         1
 Dazzling Flash           Conj/Hex       34%        N/A       11%         3
 Fulminant Prism          Conj/Hex       8%         3d7       34%         4
 Iskenderun's Mystic Bla  Conj/Tloc      17%        2d5       34%         4
 Lehudib's Crystal Spear  Conj/Erth      9%         10d4      100%        8
 Shatter                  Erth           5%         3d8*      100%        9


Dungeon Overview and Level Annotations

Branches:
Dungeon (3/15)

Altars:

Annotations:
D:3 Terence


Message History

Press: ? - help, Shift-Dir - straight line, f/p - Terence
Aim: Terence, wielding a +0 flail of protection and wearing a +0 chain mail (severely wounded, 100% to hit)
The magic dart hits Terence but does no damage.
Terence is severely wounded.
Terence says, "Don't bother to defend, it's useless."
Terence hits you but does no damage.
Casting: Magic Dart (safe; 1% risk of failure)
Confirm with . or Enter, or press ? or * to list all spells.
Aiming: Magic Dart (safe; 1% risk of failure)
Press: ? - help, Shift-Dir - straight line, f/p - Terence
Aim: Terence, wielding a +0 flail of protection and wearing a +0 chain mail (severely wounded, 100% to hit)
The magic dart hits Terence but does no damage.
Terence is severely wounded.
Terence hits you with a +0 flail of protection.
* * * LOW HITPOINT WARNING * * *
Casting: Magic Dart (safe; 1% risk of failure)
Confirm with . or Enter, or press ? or * to list all spells.
Aiming: Magic Dart (safe; 1% risk of failure)
Press: ? - help, Shift-Dir - straight line, f/p - Terence
Aim: Terence, wielding a +0 flail of protection and wearing a +0 chain mail (severely wounded, 100% to hit)
The magic dart hits Terence but does no damage.
Terence is severely wounded.
Terence hits you but does no damage.
Okay, then.
Casting: Magic Dart (safe; 1% risk of failure)
Confirm with . or Enter, or press ? or * to list all spells.
You don't have enough magic to cast this spell.
Unknown command.
You closely miss Terence.
Terence is severely wounded.
Terence hits you with a +0 flail of protection.
* * * LOW HITPOINT WARNING * * *
You hit Terence.
Terence is almost dead.
Terence barely misses you.
You barely miss Terence.
Terence is almost dead.
Terence hits you but does no damage.
Terence hits you with a +0 flail of protection!
You die...

##################
)))).............#
##.#.###########.#
...#.# #.# ####.#
#.# #.# #.# #.#
#°# #.# #♣# #.#
#@# #.# #S# #J.
... ##.# .. ..


You could see Terence, an endoplasm and a ball python.

Vanquished Creatures
  Robin (D:3)
  An adder (D:2)
  A worm (D:2)
  2 dart slugs (D:2)
  4 orcs (D:3)
  2 ball pythons (D:1)
  4 endoplasms
  A giant cockroach (D:1)
  10 goblins
  8 hobgoblins
  7 kobolds
  2 quokkas
  2 bats
  4 frilled lizards
  6 rats
55 creatures vanquished.

Notes
Turn   | Place    | Note
-------+----------+-------------------------------------------
     0 | D:1      | Pepete the Deep Elf Conjurer began the quest for the Orb.
     0 | D:1      | Reached XP level 1. HP: 10/10 MP: 6/6
   227 | D:1      | Reached XP level 2. HP: 15/15 MP: 5/8
  1355 | D:2      | Reached XP level 3. HP: 20/20 MP: 6/10
  1710 | D:2      | Got Alueplemp's Compilation of the Transforming Crater
  2371 | D:3      | Noticed Robin
  2414 | D:3      | Reached skill level 1 in Armour
  2713 | D:3      | Reached skill level 1 in Earth Magic
  2713 | D:3      | Reached XP level 4. HP: 24/24 MP: 8/12
  2749 | D:3      | Killed Robin
  2764 | D:3      | Reached skill level 5 in Conjurations
  2980 | D:3      | Noticed Terence
  3019 | D:3      | Slain by Terence

Illustrated notes

Levels and vault maps discovered:
D:1:      dpeg_arrival_long_road, layout_basic
D:2:      layout_rooms, minmay_misc_feat_ornament
D:3:      layout_loops_ring, moated_statue, uniq_robin, uniq_terence

Skill      XL: |  1  2  3  4 |
---------------+-------------+-----
Spellcasting   | 4 |  4.1
Armour         | 1 |  1.0
Earth Magic    | 1 |  1.1
Conjurations   | 5 |  5.0
Fighting       | |  0.9
Long Blades    | |  0.6
Dodging        | |  2.4
Stealth        | |  2.4

Action                     |  1- 3 |  4- 6 || total
---------------------------+-------+-------++-------
  Melee: Long sword        |     5 |     3 ||     8
   Cast: Magic Dart        |   101 |    43 ||   144
    Use: Scroll            |     2 |     2 ||     4
         Potion            |       |     6 ||     6
 Armour: Robe              |     1 |       ||     1
         Skin              |       |    17 ||    17
  Dodge: Dodged            |     6 |     5 ||    11
